 Dungeon Crawl Stone Soup version 0.17.1-1-g73c8601 (webtiles) character file.

155 shmeve the Shield-Bearer (level 5, -8/42 HPs)
             Began as a Formicid Fighter on Apr 23, 2016.
             Mangled by Bobthebuilder's ghost (10 damage)
             ... on level 3 of the Dungeon.
             The game lasted 00:04:22 (2164 turns).

shmeve the Shield-Bearer (Formicid Fighter)         Turns: 2164, Time: 00:04:22

Health: -8/42      AC: 12    Str: 21    XL:     5   Next: 63%
Magic:  5/5        EV:  5    Int:  8    God:
Gold:   116        SH:  9    Dex: 10    Spells: 0 memorised, 4 levels left

rFire  . . .     SeeInvis +     a - +0 war axe
rCold  . . .     Clarity  .     r - +0 plate armour
rNeg   . . .     SustAt   .     c - +0 shield
rPois  .         Gourm    .     (helmet unavailable)
rElec  .         Spirit   .     d - +0 cloak
rCorr  .         Warding  .     (no gloves)
rMut   .         Stasis   +     (no boots)
MR     .....                    (no amulet)
Stlth  ..........               (no ring)
                                (no ring)

@: not resistant to hostile enchantments, extremely unstealthy
A: permanent stasis, dig shafts and tunnels, four strong arms, antennae 3
a: Dig, Shaft Self


You were on level 3 of the Dungeon.
You were not hungry.

You visited 1 branch of the dungeon, and saw 3 of its levels.

You collected 116 gold pieces.

Inventory:

Hand Weapons
 a - a +0 war axe (weapon)
Missiles
 j - 20 bolts
Armour
 c - a +0 shield (worn)
 d - a +0 cloak (worn)
 r - a +0 plate armour (worn)
Scrolls
 k - 2 scrolls of remove curse {unknown}
 l - 3 scrolls of magic mapping {unknown}
 m - 6 scrolls of identify {unknown}
 n - a scroll of recharging {unknown}
 o - a scroll of noise {unknown}
Potions
 b - a potion of agility {unknown}
 f - 2 potions of lignification {unknown}
 g - 2 potions of curing {unknown}
 h - a potion of flight {unknown}
 i - 2 potions of resistance {unknown}
 p - a potion of invisibility {unknown}
 q - a potion of haste {unknown}
 t - a potion of cancellation {unknown}
 u - a potion of heal wounds {unknown}
Books
 s - a book of Battle

   Spells                             Type                      Level
   a - Infusion                       Charms                       1
   b - Shroud of Golubria             Charms/Translocation         2
   c - Song of Slaying                Charms                       2
   d - Spectral Weapon                Hexes/Charms                 3
   e - Regeneration                   Charms/Necromancy            3
Comestibles
 e - 2 bread rations
 v - 4 chunks of flesh


   Skills:
 * Level 4.2 Fighting
 * Level 3.1 Axes
 + Level 3.9 Armour
 + Level 1.5 Dodging
 * Level 4.4 Shields


You had 4 spell levels left.
You didn't know any spells.

Dungeon Overview and Level Annotations

Branches:
Dungeon (3/15)

Altars:

Annotations:
D:3 Bobthebuilder's ghost, amateur MiFi


Innate Abilities, Weirdness & Mutations

You are under a permanent stasis effect.
You can dig through walls and to a lower floor.
Your four strong arms can wield two-handed weapons with a shield.
You have a pair of large antennae on your head (SInv).


Message History

You block Bobthebuilder's ghost's attack.
You hit Bobthebuilder's ghost but do no damage.
Bobthebuilder's ghost is moderately damaged.
Bobthebuilder's ghost hits you but does no damage.
You barely miss Bobthebuilder's ghost.
Bobthebuilder's ghost is moderately damaged.
Bobthebuilder's ghost hits you!
An orc comes into view. It is wielding a dagger.
You barely miss Bobthebuilder's ghost.
Bobthebuilder's ghost is moderately damaged.
The orc shouts!
Bobthebuilder's ghost hits you!
* * * LOW HITPOINT WARNING * * *
Bobthebuilder's ghost whispers, "Trust me.
Just give in."
Bobthebuilder's ghost hits you!
* * * LOW HITPOINT WARNING * * *
You closely miss Bobthebuilder's ghost.
Bobthebuilder's ghost is moderately damaged.
Bobthebuilder's ghost hits you!
You die...

###...#..<#.#####
.....)..........#
###...#...#####.#
######.## #.# #.#
#.# #.# ##.## #
#+# #..)##.####
#.#)Wo....#
#..@##.##.#
#####{ .. #.# ..
#


You could see Bobthebuilder's ghost and an orc.

Vanquished Creatures
  Crazy Yiuf (D:3)
  An orc wizard (D:3)
  4 adders
  A worm (D:2)
  3 giant geckos
  5 orcs (D:3)
  7 bats
  2 giant cockroaches (D:1)
  7 goblins
  5 hobgoblins (D:1)
  A jackal (D:2)
  A quokka (D:3)
  A ball python (D:2)
  2 giant newts
  8 kobolds
  12 rats
61 creatures vanquished.

Notes
Turn   | Place    | Note
--------------------------------------------------------------
     0 | D:1      | shmeve the Formicid Fighter began the quest for the Orb.
     0 | D:1      | Reached XP level 1. HP: 18/18 MP: 1/1
   109 | D:1      | Reached XP level 2. HP: 22/24 MP: 2/2
   495 | D:1      | Reached XP level 3. HP: 26/29 MP: 3/3
   535 | D:1      | Reached skill level 1 in Dodging
  1230 | D:2      | Reached skill level 4 in Shields
  1355 | D:2      | Reached XP level 4. HP: 35/37 MP: 4/4
  1907 | D:3      | Reached XP level 5. HP: 32/42 MP: 5/5
  2078 | D:3      | Noticed Crazy Yiuf
  2084 | D:3      | Killed Crazy Yiuf
  2137 | D:3      | Noticed Bobthebuilder's ghost (amateur MiFi)
  2163 | D:3      | HP: 1/42 [Bobthebuilder's ghost (8)]
  2164 | D:3      | Mangled by Bobthebuilder's ghost

Action                   |  1- 3 |  4- 6 || total
-------------------------+-------+-------++-------
Melee: War axe           |   108 |    81 ||   189
  Use: Potion            |       |     1 ||     1
  Eat: Chunk             |     1 |     3 ||     4
